 Dungeon Crawl Stone Soup version 0.23.2-1-ga50397a (webtiles) character file.

Game seed: 11097004906131505495

1050 raz the Insei (level 8, -8/51 HPs)
             Began as an Octopode Transmuter on June 2, 2019.
             Was a Follower of Okawaru.
             Mangled by an orc warrior
             ... wielding a +3 trident
              (18 damage)
             ... on level 6 of the Dungeon.
             The game lasted 00:12:03 (7727 turns).

raz the Insei (Octopode Transmuter)                 Turns: 7727, Time: 00:12:03

Health: -8/51      AC:  2    Str:  9    XL:     8   Next: 26%
Magic:  11/13      EV: 20    Int: 15    God:    Okawaru [*.....]
Gold:   355        SH:  0    Dex: 20    Spells: 2/13 levels left

rFire    . . .     SeeInvis .     - Unarmed
rCold    . . .     Gourm    .   (shield currently unavailable)
rNeg     . . .     Faith    .   (helmet currently unavailable)
rPois    x         Spirit   .   (no amulet)
rElec    .         Reflect  .   u - ring of flight
rCorr    .         Harm     .   (no ring)
MR       .....                  (no ring)
Stlth    ++........             (no ring)
HPRegen  0.17/turn              (no ring)
MPRegen  0.13/turn              (no ring)
                                (no ring)
                                (no ring)

@: spider-form (expiring)
A: tiny, almost no armour, stealthy swim, (amphibious), 8 rings, (constrict 8)
a: End Transformation, Heroism, Renounce Religion, Evoke Flight


You were on level 6 of the Dungeon.
You worshipped Okawaru.
Okawaru was aware of your devotion.
You were not hungry.
You were a venomous arachnid creature.
You visited 2 branches of the dungeon, and saw 7 of its levels.

You collected 355 gold pieces.

Inventory:

Hand Weapons
 d - a +2 antimagic dagger
Missiles
 a - 42 arrows
Jewellery
 u - a ring of flight (left front leg)
Wands
 r - a wand of iceblast (10)
Scrolls
 e - 3 scrolls of fog {unknown}
 f - 2 scrolls of enchant armour {unknown}
 i - 7 scrolls of identify {unknown}
 n - 3 scrolls of remove curse {unknown}
 q - a scroll of amnesia {unknown}
 s - 2 scrolls of teleportation {unknown}
 t - a scroll of enchant weapon {unknown}
 v - a scroll of immolation {unknown}
 w - a scroll of blinking {unknown}
Potions
 b - 2 potions of berserk rage {unknown}
 g - 2 potions of magic {unknown}
 h - a potion of flight {unknown}
 j - 3 potions of haste {unknown}
 k - a potion of ambrosia {unknown}
 l - a potion of mutation {unknown}
 m - 2 potions of degeneration {unknown}
 o - a potion of agility {unknown}
 p - a potion of lignification {unknown}
Comestibles
 c - 7 rations
 x - 5 chunks of flesh


   Skills:
 + Level 2.4 Fighting
 - Level 2.0 Dodging
 - Level 1.9 Stealth
 + Level 6.7 Unarmed Combat
 + Level 3.4 Spellcasting
 * Level 1.6 Hexes
 * Level 4.3 Transmutations
 - Level 4.0 Poison Magic


You had 2 spell levels left.
You knew the following spells:

 Your Spells              Type           Power        Failure   Level  Hunger
a - Beastly Appendage     Tmut           ###...       11%         1    None
b - Sticks to Snakes      Tmut           ###.....     14%         2    ##.....
c - Spider Form           Tmut/Pois      ###.......   26%         3    ###....
d - Ice Form              Ice/Tmut       #.......     80%         4    ####...
e - Confusing Touch       Hex            #.....       24%         1    None

Your spell library contained the following spells:

 Spells                   Type           Power        Failure   Level  Hunger
 Ensorcelled Hibernation  Hex/Ice        #.....       43%         2    ##.....
 Inner Flame              Hex/Fire       #.......     61%         3    ###....
 Blade Hands              Tmut           ###.......   83%         5    ######.
 Darkness                 Hex            #.........   100%        6    #######
 Discord                  Hex            #.........   100%        8    #######


Dungeon Overview and Level Annotations

Branches:
Dungeon (6/15)             Temple (1/1) D:5

Altars:
Cheibriados
Dithmenos
Elyvilon
Fedhas
Gozag
Hepliaklqana
Kikubaaqudgha
Makhleb
Okawaru
Ru
Sif Muna
Trog
Uskayaw
Wu Jian
Xom
Yredelemnul
Zin
The Shining One

Shops:
D:5 (

Annotations:
D:4 exclusion: ice beast
D:5 exclusion: downstairs


Innate Abilities, Weirdness & Mutations

You cannot wear most types of armour.
You are very stealthy in the water. (Stealth+)
((You are amphibious.))
You can wear up to eight rings at the same time.
((You can use your tentacles to constrict eight enemies at once.))
((Your skin changes colour to match your surroundings (Stealth+).))
((Your rubbery body absorbs attacks. (AC +1, EV +1)))


Message History

The orc priest is moderately wounded.
The orc warrior seems less confused.
The orc priest calls down the wrath of Beogh upon you.
Pain shoots through your body!
The orc warrior hits you with a +3 trident!
You completely miss the orc warrior.
The orc warrior is heavily wounded.
The orc priest misses you.
The orc warrior hits you with a +3 trident!
* * * LOW HITPOINT WARNING * * *
You hit the orc warrior but do no damage.
The orc warrior looks as sick as possible!
The orc warrior is heavily wounded.
The orc priest hits you with a cursed -2 short sword.
* * * LOW HITPOINT WARNING * * *
You hit the orc warrior but do no damage.
The orc warrior looks as sick as possible!
The orc warrior is heavily wounded.
The orc warrior hits you with a +3 trident!!
You die...

.........#...##.####..........#..
.............#..# #.........###.
.....###)##.....# #....###..####
.....# #.)...##.## #....###......
(....#...#..###..###.......##..##
...#.##..##..........##.#..##....
#.##....####.........[.###(###...
#..#.....##.....o................
...#............s................
.......(........o÷.....<.........
..........#......#.....#....#....
................##.....#....###..
....#.##........##....####..##...
##.##............###..# #..##...
####....>............## ##.)..#.
##........##.#.....####....##
###.........####..##........


You could see an orc warrior and an orc priest.

Vanquished Creatures
  Edmund (D:4)
  Duvessa (D:6)
  An ogre (D:6)
  A water moccasin zombie (D:5)
  Dowan (D:6)
  A crimson imp (D:5)
  A quasit (D:6)
  An orc wizard (D:6)
  2 orc priests
  2 centaur skeletons (D:5)
  A hound (D:4)
  A bullfrog skeleton (D:5)
  3 iguanas
  5 worker ants
  3 gnolls (D:5)
  8 adders
  An ooze (D:5)
  2 adder skeletons
  2 worms
  2 dart slugs
  A leopard gecko (D:4)
  9 orcs
  A ball python (D:4)
  2 bats
  8 giant cockroaches
  3 goblins
  2 hobgoblins
  3 jackals (D:3)
  4 kobolds (D:2)
  5 quokkas (D:4)
  10 frilled lizards
  3 rats
91 creatures vanquished.

Notes
Turn   | Place    | Note
-------+----------+-------------------------------------------
     0 | D:1      | raz the Octopode Transmuter began the quest for the Orb.
     0 | D:1      | Reached XP level 1. HP: 13/13 MP: 3/3
   314 | D:1      | Reached XP level 2. HP: 10/18 MP: 5/5
   445 | D:1      | Learned a level 2 spell: Sticks to Snakes
  1040 | D:2      | Found a snail-covered altar of Cheibriados.
  1137 | D:2      | Reached skill level 1 in Stealth
  1137 | D:2      | Reached XP level 3. HP: 23/23 MP: 6/6
  1266 | D:2      | Found an opulent altar of Gozag.
  1271 | D:2      | Learned a level 3 spell: Spider Form
  1389 | D:2      | Found a shadowy altar of Dithmenos.
  1576 | D:2      | Reached skill level 4 in Unarmed Combat
  1939 | D:3      | Reached XP level 4. HP: 27/28 MP: 7/7
  1950 | D:3      | Found a glowing golden altar of the Shining One.
  1982 | D:3      | Reached skill level 1 in Poison Magic
  2238 | D:3      | Found a glowing silver altar of Zin.
  2239 | D:3      | Found an opulent altar of Gozag.
  2571 | D:4      | Found a blossoming altar of Fedhas.
  2749 | D:4      | Reached XP level 5. HP: 23/33 MP: 1/8
  3404 | D:4      | Noticed Edmund
  3504 | D:4      | Killed Edmund
  3504 | D:4      | Reached skill level 5 in Unarmed Combat
  3504 | D:4      | Reached XP level 6. HP: 18/39 MP: 6/10
  3752 | D:4      | Found a bloodstained altar of Trog.
  3815 | D:4      | Noticed an ice beast
  4533 | D:5      | Entered Level 5 of the Dungeon
  4540 | D:5      | Reached XP level 7. HP: 42/44 MP: 11/11
  4548 | D:5      | Learned a level 4 spell: Ice Form
  4567 | D:5      | Found a staircase to the Ecumenical Temple.
  4577 | Temple   | Entered the Ecumenical Temple
  4678 | Temple   | Became a worshipper of Warmaster Okawaru
  5294 | D:5      | Found an ornate altar of the Wu Jian Council.
  5398 | D:5      | Found Joag's Weapon Shop.
  5520 | D:5      | Identified the Catalogue of Bewitchment
  5571 | D:5      | Found a hide-covered altar of Uskayaw.
  5647 | D:5      | Reached skill level 6 in Unarmed Combat
  5773 | D:5      | Learned a level 1 spell: Confusing Touch
  6443 | D:6      | Noticed Dowan
  6496 | D:6      | Reached * piety under Okawaru
  6499 | D:6      | Noticed Duvessa
  7160 | D:6      | Killed Dowan
  7160 | D:6      | Reached skill level 1 in Hexes
  7162 | D:6      | Killed Duvessa
  7162 | D:6      | Reached XP level 8. HP: 15/51 MP: 7/12
  7727 | D:6      | Mangled by an orc warrior

Skill      XL: |  1  2  3  4  5  6  7  8 |
---------------+-------------------------+-----
Stealth        | 1 |  1.9
Unarmed Combat | 4 5 6 |  6.7
Poison Magic   | 1 2 3 4 |  4.0
Transmutations | 3 4 |  4.3
Fighting       | 2 |  2.4
Spellcasting   | 3 |  3.4
Hexes          | 1 |  1.6
Dodging        | |  2.0

Action                   |  1- 3 |  4- 6 |  7- 9 || total
-------------------------+-------+-------+-------++-------
Melee: Unarmed           |    76 |   133 |   103 ||   312
       Constrict         |    21 |    19 |    17 ||    57
       Tentacles         |     7 |     9 |    17 ||    33
       Kick              |     4 |     8 |    16 ||    28
       Punch             |     1 |     2 |     2 ||     5
 Cast: Beastly Appendage |     4 |     5 |    12 ||    21
       Spider Form       |       |     4 |     5 ||     9
       Confusing Touch   |       |       |     4 ||     4
Evoke: Wand              |       |       |     2 ||     2
 Stab: Sleeping          |    11 |     8 |     2 ||    21
  Eat: Chunk             |     3 |     9 |     7 ||    19
       Ration            |       |       |     1 ||     1
Armor: Skin              |     5 |     9 |     4 ||    18
Dodge: Dodged            |    45 |    93 |    88 ||   226
